 Dungeon Crawl Stone Soup version 0.28.0-49-g6dfe1f597d (console) character file.

Game seed: 12822118131198974335

8237 Faeu the Cleaver (level 11, -8/153 HPs)
             Began as a Minotaur Berserker on May 14, 2022.
             Was a High Priest of Trog.
             Mangled by Donald
             ... wielding a +0 scimitar of holy wrath
              (23 damage)
             ... on level 2 of the Orcish Mines.
             The game lasted 00:22:35 (9502 turns).

Faeu the Cleaver (Minotaur Berserker)               Turns: 9502, Time: 00:22:36

Health: -8/153     AC: 17    Str: 27    XL:     11   Next: 7%
Magic:  10/10      EV: 10    Int:  4    God:    Trog [*****.]
Gold:   720        SH:  0    Dex:  9    Spells: 10/10 levels left

rFire   . . .      SeeInvis +   a - +2 war axe (vorpal) {axe}
rCold   . . .      Faith    .   (no shield)
rNeg    . . .      Spirit   .   J - +3 plate armour
rPois   .          Reflect  .   (helmet restricted)
rElec   .          Harm     .   (no cloak)
rCorr   .          Rampage  .   (no gloves)
Will    .....      Clarity  +   (no boots)
Stlth   ..........              j - amulet of regeneration {@e2}
HPRegen 1.15/turn               M - ring of see invisible
MPRegen 0.12/turn               (no ring)

@: berserking, very quick
A: horns 2, retaliatory headbutt, clarity
a: Renounce Religion, Berserk, Trog's Hand, Brothers in Arms


You were on level 2 of the Orcish Mines.
You worshipped Trog.
Trog was extremely pleased with you.
You visited 2 branches of the dungeon, and saw 11 of its levels.
You also visited: Ossuary.

You collected 720 gold pieces.


Innate Abilities, Weirdness & Mutations

You have a pair of horns on your head.
You reflexively headbutt those who attack you in melee.
You possess an exceptional clarity of mind.


   Skills:
 + Level 11.1 Fighting
 + Level 11.1 Axes
 + Level 10.7 Armour
 - Level 9.3 Dodging


You had 10 spell levels left.
You didn't know any spells.
Your spell library contained the following spells:

 Spells                   Type           Power      Damage    Failure   Level
 Sting                    Tmut/Pois      0%         1d3       99%         1
 Poisonous Vapours        Pois/Air       0%         N/A       100%        2
 Call Canine Familiar     Summ           0%         N/A       100%        3
 Conjure Flame            Conj/Fire      0%         6-21      100%        3
 Gell's Gravitas          Tloc           0%         N/A       100%        3
 Ignite Poison            Fire/Tmut/Pois 0%         N/A       100%        3
 Portal Projectile        Hex/Tloc       0%         N/A       100%        3
 Teleport Other           Tloc           0%         N/A       100%        3
 Leda's Liquefaction      Hex/Erth       0%         N/A       100%        4
 Olgreb's Toxic Radiance  Pois           0%         N/A       100%        4
 Sticky Flame             Conj/Fire      0%         2d3       100%        4
 Summon Forest            Summ/Tloc      0%         N/A       100%        5
 Conjure Ball Lightning   Conj/Air       0%         3x3d6     100%        6
 Dispersal                Tloc           0%         N/A       100%        6
 Eringya's Noxious Bog    Tmut/Pois      0%         N/A       100%        6
 Summon Hydra             Summ           0%         N/A       100%        7
 Discord                  Hex            0%         N/A       100%        8
 Disjunction              Tloc           0%         N/A       100%        8

Inventory:

Hand Weapons
 a - a +2 vorpal war axe (weapon) {axe}
   (You took it off an orc priest on level 7 of the Dungeon)
 b - the +7 hunting sling "Bofos" {venom, MP+9, sling}
   (You found it on level 7 of the Dungeon)

   Any ammunition fired from it poisons the flesh of those it strikes.
   MP:        It affects your magic capacity (+9).
 k - a +2 flail of holy wrath {mace}
   (You took it off Terence on level 2 of the Dungeon)
 H - a +2 mace of holy wrath {mace}
   (You found it on level 7 of the Dungeon)
Missiles
 C - 6 boomerangs (quivered) {throwing}
 K - 16 sling bullets
 P - 5 poisoned darts {throwing}
Armour
 y - a +2 leather armour of cold resistance
   (You took it off Eustachio on level 5 of the Dungeon)
 z - the +3 leather armour of the Miller {rElec Will+ Dex+2}
   (You found it on level 6 of the Dungeon)

   Dex:       It affects your dexterity (+2).
   rElec:     It insulates you from electricity.
   Will:      It increases your willpower.
 J - a +3 plate armour (worn)
   (You took it off an orc warrior on level 9 of the Dungeon)
 R - a +1 robe of fire resistance
   (You took it off Psyche on level 9 of the Dungeon)
Jewellery
 j - an amulet of regeneration (around neck) {@e2}
   (You found it on level 2 of the Dungeon)
 L - an amulet of magic regeneration {@e2}
   (You found it on level 8 of the Dungeon)
 M - a ring of see invisible (left hand)
   (You found it on level 8 of the Dungeon)
Wands
 x - a wand of flame (18)
   (You found it on level 5 of the Dungeon)
 Q - a wand of iceblast (3)
   (You found it on level 9 of the Dungeon)
Scrolls
 d - 3 scrolls of magic mapping {!r}
 e - 5 scrolls of fear
 h - 4 scrolls of teleportation {@r4}
 i - 4 scrolls of immolation {!r!r}
 l - a scroll of blinking {!r}
 s - 3 scrolls of enchant armour
 v - a scroll of brand weapon
 w - 3 scrolls of noise {!r}
 B - a scroll of summoning {unknown}
 G - a scroll of enchant weapon {unknown}
 O - a scroll of amnesia {unknown}
Potions
 c - 2 potions of mutation {!q}
 f - 3 potions of berserk rage {!q}
 g - 3 potions of might
 m - 4 potions of curing {@q1}
 n - 2 potions of haste {@q3}
 o - a potion of cancellation {unknown}
 p - 2 potions of attraction {unknown}
 t - 4 potions of heal wounds {@q2}
 u - 2 potions of lignification {!q}
 E - 2 potions of degeneration {!q@e2}
 N - 2 potions of flight {unknown}

Dungeon Overview and Level Annotations

Branches:
Dungeon (9/15)             Temple (0/1) D:4             Orc (2/2) D:9
Ossuary (visited)
   Lair: D:8-11         Elf: Orc:2

Altars:
Gozag

Annotations:
D:6 1 runed translucent door, HatHat's ghost, novice MiBe
Orc:2 Donald

....$.....$....
...#...........
#..............
...............
#..............
...........<.
#........$.
##..........
#@...#......
##@.#.......
#.....#....
##.#.## ...
#.### .. ... .
#.## ###


You could see Donald (fast, strong).


Message History

Donald the Adventurer comes into view.
He is wielding a +0 scimitar of holy wrath, wearing a +2 chain mail of fire resistance and wearing a +0 kite shield of reflection.
Donald says, "The air in here stinks.
I hate that."
Donald casts a spell.
Donald seems to speed up.
Okay, then.
Cleave: a) +2 war axe (vorpal) {axe}
Press: ? - help, Dir - move target, f - Donald
Aim: Donald, wielding a +0 scimitar of holy wrath, wearing a +2 chain mail of fire resistance and wearing a +0 kite shield of reflection (fast, about 24% to evade your +2 vorpal war axe)
Your weapon can't reach that far!
Okay, then.
Okay, then.
Okay, then.
There is a stone staircase leading up here.
You climb upwards.
There is a stone staircase leading down here.
You start removing your armour.
You continue taking off your +0 plate armour. x4
You finish taking off your +0 plate armour.
You start putting on your armour.
You continue putting on your +3 plate armour. x5
You finish putting on your +3 plate armour.
Okay, then.
Okay, then.
You drop a +0 plate armour.
You drop a +3 hand axe of draining {axe}.
You drop a +0 animal skin.
You drop a +5 short sword of protection {short}.
As you read the scroll labelled AHOKHOPLAE, it crumbles to dust.
It is a scroll of identify.
e - 5 scrolls of fear
Okay, then.
Adjust (i)tems, (s)pells, or (a)bilities?
f - 11 scrolls of identify {@r1} Adjust to which letter? (? for menu, Esc to quit)
r - 11 scrolls of identify {@r1};
f - 3 potions of berserk rage {!q}
As you read the scroll of identify {@r1}, it crumbles to dust.
i - 4 scrolls of immolation
As you read the scroll of identify {@r1}, it crumbles to dust.
d - 3 scrolls of magic mapping
As you read the scroll of identify {@r1}, it crumbles to dust.
h - 4 scrolls of teleportation
As you read the scroll of identify {@r1}, it crumbles to dust.
s - 3 scrolls of enchant armour
As you read the scroll of identify {@r1}, it crumbles to dust.
w - 3 scrolls of noise
As you read the scroll of identify {@r1}, it crumbles to dust.
A - 3 scrolls of torment
As you read the scroll of identify {@r1}, it crumbles to dust.
t - 4 potions of heal wounds
As you read the scroll of identify {@r1}, it crumbles to dust.
E - 2 potions of degeneration
As you read the scroll of identify {@r1}, it crumbles to dust.
l - a scroll of blinking
As you read the scroll of identify {@r1}, it crumbles to dust.
v - a scroll of brand weapon
As you read the scroll of identify {@r1}, it crumbles to dust.
u - 2 potions of lignification
Okay, then.
Unknown command.
You drop 3 scrolls of torment {!r}.
There is a stone staircase leading down here.
Items here: )) [[.
You climb downwards.
Level annotation: Donald Donald says, "Orcs complain a lot, don't they?
I hate it."
Donald gestures wildly while chanting.
Donald seems to grow stronger.
Donald hits you with a +0 scimitar of holy wrath!!
There is a stone staircase leading up, spattered with blood here. 😮 HP[-32]
You take 32 damage, and now have 70/102 hp.
MASSIVE DAMAGE!! (PAUSE)
A red film seems to cover your vision as you go berserk!
You feel yourself moving faster!
You feel mighty!
Donald gestures wildly while chanting.
Donald seems to speed up. 😮 HP[+36]
You now have 153 max hp (+51).
You regained 36 hp, and now have 106/153 hp.
Donald blocks your attack.
Donald hits you with a +0 scimitar of holy wrath!! 😮 HP[-27]
You take 27 damage, and now have 79/153 hp.
You slash Donald! Your headbutt misses Donald.
Donald ponders, "They're ugly as hell, too!"
Donald hits you with a +0 scimitar of holy wrath!!
* * * LOW HITPOINT WARNING * * *
😨 HP[-23]
You take 23 damage, and now have 56/153 hp.
Donald blocks your attack.
Donald hits you with a +0 scimitar of holy wrath!!!
* * * LOW HITPOINT WARNING * * *
You hear a shout! x2 😱 HP[-42]
You take 42 damage, and now have 14/153 hp.
MASSIVE DAMAGE!! (PAUSE)
You are too berserk!
You slice Donald!!
Donald hits you with a +0 scimitar of holy wrath!!
You die...

Skill      XL: |  1  2  3  4  5  6  7  8  9 10 |
---------------+-------------------------------+-----
Fighting       | 4 5 6 7 9 11 | 11.1
Axes           | 4 5 6 7 9 11 | 11.1
Armour         | 3 4 5 6 7 9 10 | 10.7
Dodging        | 3 4 5 6 8 9 |  9.3

Action                   |  1- 3 |  4- 6 |  7- 9 | 10-12 || total
-------------------------+-------+-------+-------+-------++-------
Melee: Hand axe          |    63 |     2 |   110 |       ||   175
       Headbutt          |    11 |    13 |    51 |    35 ||   110
       Punch             |     1 |     1 |     6 |     3 ||    11
       Flail             |       |    88 |   149 |       ||   237
       War axe           |       |       |    31 |   149 ||   180
       Mace              |       |       |    12 |     3 ||    15
Throw: Boomerang         |       |       |     3 |    24 ||    27
Invok: Berserk           |     1 |     1 |     4 |     2 ||     8
Evoke: Wand              |       |       |       |     1 ||     1
  Use: Potion            |       |     2 |       |       ||     2
       Scroll            |       |       |       |    12 ||    12
 Stab: Sleeping          |       |     1 |       |       ||     1
Armor: Animal skin       |     8 |    24 |       |       ||    32
       Plate armour      |       |    14 |   218 |    57 ||   289
Dodge: Dodged            |    42 |    53 |   184 |    85 ||   364

Levels and vault maps discovered:
D:1:      lightli_arrival_isolated_outpost, layout_basic, serial_curves,
          eino_curves_03, eino_curves_02, ebering_ecumenical_altar_abandoned
D:2:      layout_loops_ring, uniq_terence
D:3:      layout_loops_ring, minmay_cupped
D:4:      layout_loops_ring, minmay_temple_entry_poolview, roderic_batcave
D:5:      layout_basic, uniq_duvessa, uniq_grinder, uniq_eustachio
D:6:      layout_cave_pods, overflow_temple_1_default,
          hellmonk_ghost_happy_afterlife, serial_park, serial_park_tiny_2,
          serial_park_fountain, serial_park_avenue1, serial_park_square2,
          serial_park_tiny_2, amcnicky_mini_rare_corridor_liquid
D:7:      layout_basic, enter_ossuary_2
D:8:      layout_loops_ring
D:9:      layout_loops_ring, erik_orc_2, uniq_psyche
Orc:1:    layout_diamond_mine, nicolae_orc_damp_corner
Orc:2:    st_orc_mages, layout_caves, uniq_donald

Notes
Turn   | Place    | Note
-------+----------+-------------------------------------------
     0 | D:1      | Faeu the Minotaur Berserker began the quest for the Orb.
     0 | D:1      | Reached XP level 1. HP: 19/19 MP: 0/0
     0 | D:1      | magus.rc [v1.9.6]
   710 | D:1      | Reached XP level 2. HP: 27/27 MP: 1/1
   712 | D:1      | Found a faded altar of an unknown god.
  1230 | D:2      | Reached skill level 4 in Fighting
  1230 | D:2      | Reached skill level 4 in Axes
  1230 | D:2      | Reached skill level 3 in Armour
  1249 | D:2      | Reached XP level 3. HP: 17/33 MP: 2/2
  1545 | D:2      | Reached skill level 3 in Dodging
  1725 | D:2      | Noticed Terence
  1734 | D:2      | Killed Terence
  1735 | D:2      | Reached XP level 4. HP: 15/41 MP: 3/3
  2334 | D:3      | Reached XP level 5. HP: 38/47 MP: 4/4
  2420 | D:3      | Reached ** piety under Trog
  2452 | D:3      | You add the spells Conjure Flame, Ignite Poison and Sticky
                  | Flame to your library.
  2495 | D:3      | You pick up a book of the Hunter {forbidden} and begin
                  | reading...
  2495 | D:3      | You add the spells Call Canine Familiar, Portal Projectile
                  | and Leda's Liquefaction to your library.
  2990 | D:4      | Reached skill level 4 in Armour
  3000 | D:4      | Reached skill level 5 in Fighting
  3008 | D:4      | HP: 11/48 [something/magic dart (4)]
  3011 | D:4      | Gained mutation: You possess an exceptional clarity of
                  | mind. [potion of mutation]
  3012 | D:4      | HP: 5/48 [orc wizard/puff of flame (5)]
  3016 | D:4      | Reached skill level 5 in Axes
  3324 | D:4      | Reached XP level 6. HP: 56/56 MP: 5/5
  3408 | D:4      | Found a staircase to the Ecumenical Temple.
  3464 | D:4      | You add the spells Gell's Gravitas, Teleport Other and
                  | Dispersal to your library.
  3763 | D:5      | Entered Level 5 of the Dungeon
  3843 | D:5      | Reached skill level 4 in Dodging
  3874 | D:5      | Noticed Grinder
  3898 | D:5      | Killed Grinder
  3899 | D:5      | Reached skill level 5 in Armour
  3899 | D:5      | Reached XP level 7. HP: 62/62 MP: 6/6
  3969 | D:5      | Reached skill level 6 in Axes
  4060 | D:5      | Reached skill level 6 in Fighting
  4100 | D:5      | Noticed Duvessa
  4100 | D:5      | Noticed Dowan
  4109 | D:5      | Reached skill level 5 in Dodging
  4112 | D:5      | Killed Dowan
  4120 | D:5      | HP: 13/91 [Duvessa/+0 short sword (15)]
  4121 | D:5      | Killed Duvessa
  4269 | D:5      | Reached skill level 6 in Armour
  4269 | D:5      | Reached XP level 8. HP: 71/71 MP: 7/7
  4432 | D:5      | Noticed Eustachio
  4446 | D:5      | Killed Eustachio
  4585 | D:6      | Reached skill level 7 in Axes
  4591 | D:6      | Reached skill level 7 in Fighting
  4596 | D:6      | Reached *** piety under Trog
  4697 | D:6      | Identified the +3 leather armour of the Miller {rElec Will+
                  | Dex+2}
  4734 | D:6      | Reached skill level 6 in Dodging
  4886 | D:6      | Found an opulent altar of Gozag.
  4887 | D:6      | Noticed HatHat's ghost (novice MiBe)
  4888 | D:6      | Found a runed translucent door.
  5181 | D:6      | Reached skill level 7 in Armour
  5733 | D:7      | Reached XP level 9. HP: 79/81 MP: 8/8
  5812 | D:7      | Reached skill level 8 in Fighting
  5812 | D:7      | Reached skill level 8 in Axes
  5844 | D:7      | Found a sand-covered staircase.
  5849 | Ossuary  | Entered an ossuary
  5931 | Ossuary  | Reached **** piety under Trog
  5976 | Ossuary  | Reached skill level 7 in Dodging
  6341 | D:7      | Reached skill level 8 in Armour
  6525 | D:7      | Noticed a troll
  6535 | D:7      | Killed a troll
  6613 | D:7      | Identified the +7 hunting sling "Bofos" {venom, MP+9}
  7107 | D:8      | Reached skill level 9 in Axes
  7131 | D:8      | Reached skill level 9 in Fighting
  7182 | D:9      | Reached skill level 8 in Dodging
  7249 | D:9      | Reached skill level 9 in Armour
  7250 | D:9      | Reached XP level 10. HP: 64/91 MP: 9/9
  7327 | D:8      | You add the spells Summon Forest, Eringya's Noxious Bog and
                  | Summon Hydra to your library.
  7441 | D:8      | You pick up a book of Chaos {forbidden} and begin
                  | reading...
  7441 | D:8      | You add the spells Conjure Ball Lightning, Disjunction and
                  | Discord to your library.
  7532 | D:8      | You add the spells Sting, Poisonous Vapours and Olgreb's
                  | Toxic Radiance to your library.
  8149 | D:9      | Noticed a two-headed ogre
  8170 | D:9      | Killed a two-headed ogre
  8171 | D:9      | Reached skill level 10 in Fighting
  8171 | D:9      | Reached skill level 10 in Axes
  8171 | D:9      | Noticed a two-headed ogre
  8370 | D:9      | Killed a two-headed ogre
  8371 | D:9      | Reached skill level 10 in Armour
  8371 | D:9      | Reached skill level 9 in Dodging
  8651 | D:9      | Noticed Psyche
  8656 | D:9      | Killed Psyche
  8731 | D:9      | Found a staircase to the Orcish Mines.
  8759 | Orc:1    | Entered Level 1 of the Orcish Mines
  8806 | Orc:1    | Noticed a two-headed ogre
  8823 | D:9      | Killed a two-headed ogre
  8991 | Orc:1    | Noticed an orc sorcerer
  8993 | Orc:1    | Reached ***** piety under Trog
  9005 | Orc:1    | Paralysed by an orc sorcerer for 3 turns
  9012 | Orc:1    | Killed an orc sorcerer
  9013 | Orc:1    | Reached skill level 11 in Fighting
  9013 | Orc:1    | Reached skill level 11 in Axes
  9013 | Orc:1    | Reached XP level 11. HP: 30/102 MP: 10/10
  9458 | Orc:2    | Entered Level 2 of the Orcish Mines
  9461 | Orc:2    | Noticed Donald
  9501 | Orc:2    | HP: 14/153 [Donald/+0 scimitar of holy wrath (43)]
  9502 | Orc:2    | Mangled by Donald

Vanquished Creatures
  3 two-headed ogres (D:9)
  An orc sorcerer (Orc:1)
  Psyche (D:9)
  A hornet (D:7)
  A troll (D:7)
  Grinder (D:5)
  6 yaks
  Eustachio (D:5)
  Duvessa (D:5)
  3 sky beasts
  2 black bears (D:7)
  7 orc warriors
  2 ice beasts
  3 ogres
  3 centaurs
  A kobold brigand (D:9)
  A bullfrog (D:8)
  An elf zombie (Ossuary)
  A wyvern skeleton (D:3)
  Dowan (D:5)
  4 killer bees
  A water moccasin skeleton (D:5)
  An electric eel (D:9)
  A howler monkey (D:9)
  2 bullfrog zombies
  3 centaur zombies (D:8)
  4 hounds
  A human zombie (Ossuary)
  6 orc priests
  A jelly (D:7)
  A bullfrog skeleton (D:5)
  Terence (D:2)
  2 iguanas
  18 orc wizards
  A scorpion zombie (D:5)
  A killer bee zombie (D:6)
  A hound skeleton (D:4)
  3 mummies (Ossuary)
  A howler monkey zombie (D:6)
  7 gnolls
  7 adders
  3 white imps
  2 adder zombies (Ossuary)
  2 worms
  A dart slug (D:4)
  54 orcs
  3 ball pythons
  3 endoplasms
  2 giant cockroaches
  4 hobgoblins
  2 quokkas
  11 bats
  A gnoll zombie (Ossuary)
  4 goblins
  3 goblin zombies (Ossuary)
  2 hobgoblin zombies (Ossuary)
  10 kobolds
  2 kobold zombies (Ossuary)
  3 quokka zombies (Ossuary)
  7 rats
  3 rat zombies (Ossuary)
230 creatures vanquished.

Vanquished Creatures (others)
  An orc (D:6)
1 creature vanquished.

Grand Total: 231 creatures vanquished

Table legend:
 A = Non-vault XP
 B = Vault XP
 C = Vault XP percentage of total XP
 D = Non-vault monster count
 E = Vault monster count
 F = Vault count percentage of total count
                 A         B        C        D         E       F
            +---------+---------+-------+---------+---------+-------
      Total |    9522 |    2246 |  19.1 |     176 |      54 |  23.5
            +---------+---------+-------+---------+---------+-------
        D:1 |      19 |       0 |   0.0 |      13 |       0 |   0.0
        D:2 |     109 |      36 |  24.8 |      20 |       1 |   4.8
        D:3 |      91 |       2 |   2.2 |       9 |       1 |  10.0
        D:4 |     132 |       7 |   5.0 |       8 |       5 |  38.5
        D:5 |     612 |     672 |  52.3 |      20 |       4 |  16.7
        D:6 |     643 |       0 |   0.0 |      28 |       0 |   0.0
        D:7 |    1373 |       0 |   0.0 |      17 |       0 |   0.0
        D:8 |    1508 |       0 |   0.0 |      14 |       0 |   0.0
        D:9 |    4017 |    1319 |  24.7 |      31 |      22 |  41.5
      Orc:1 |    1018 |       0 |   0.0 |      16 |       0 |   0.0
    Ossuary |       0 |     210 | 100.0 |       0 |      21 | 100.0
            +---------+---------+-------+---------+---------+-------

Illustrated notes

Table legend:
 A = Kills in this place as a percentage of kills in entire the game.
 B = Kills by you in this place as a percentage of kills by you in the entire game.
 C = Kills by friends in this place as a percentage of kills by friends in the entire game.
 D = Other kills in this place as a percentage of other kills in the entire game.
 E = Experience gained in this place as a percentage of experience gained in the entire game.
 F = Experience gained in this place divided by the number of levels of this place that you have seen.
                   A       B       C       D       E      F
               +-------+-------+-------+-------+-------+----------------------
         Total | 100.0 | 100.0 |   N/A |   N/A | 100.0 | 980.7
       Dungeon |  83.9 |  83.9 |   N/A |   N/A |  89.6 | 1171.1
  Orcish Mines |   7.0 |   7.0 |   N/A |   N/A |   8.7 | 509.0
       Ossuary |   9.1 |   9.1 |   N/A |   N/A |   1.8 | 210.0
               +-------+-------+-------+-------+-------+----------------------

Table legend: (Time is in decaauts)
 A = Elapsed time spent in this place.
 B = Non-inter-level travel time spent in this place.
 C = Inter-level travel time spent in this place.
 D = Time resting spent in this place.
 E = Time spent auto-exploring this place.
 F = Levels seen in this place.
 G = Mean time per level.
                   A        B        C        D        E       F      G
               +--------+--------+--------+--------+--------+-----+--------+
         Total |   9644 |   9000 |    644 |    996 |   6162 |  12 |  803.7 |
       Dungeon |   8982 |   8390 |    592 |    988 |   5847 |   9 |  998.0 |
  Orcish Mines |    485 |    434 |     51 |      0 |    239 |   2 |  242.5 |
       Ossuary |    176 |    176 |      0 |      8 |     76 |   1 |  176.0 |
               +--------+--------+--------+--------+--------+-----+--------+

Top non-repeatable levels by time:
     D:2: 1397 daAuts
     D:9: 1300 daAuts
     D:8: 1070 daAuts
     D:1: 1029 daAuts
     D:6: 933 daAuts
     D:4: 921 daAuts
     D:7: 887 daAuts
     D:5: 749 daAuts
     D:3: 691 daAuts
   Orc:1: 473 daAuts
 Ossuary: 176 daAuts
   Orc:2: 12 daAuts
